AoeStats
← catchchez

Arabia

507100052Analyzed
1v1 RM · 17d ago on Sep 16, 2026· 33m 13s· 2 players
Game mode
Random Map
Map size
Tiny (2 player)
Population
200
Speed
Normal
Resources
Standard
Victory
Conquest
Starting age
Dark Age
Ending age
Imperial Age
RankedLock teamsTeams togetherTeam positionsShared explorationLock speedFull tech treeHidden civsTurbo modeCheats
Victory
Defeat
🇮🇳 Aztecs · India
689
+17
🇪🇨 Ethiopians · Ecuador
710
-17
catchchez
2:26 Loom
11:38 Feudal Age
12:37 Double-Bit Axe
18:31 Fletching
23:06 Castle Age
23:29 Crossbowman
23:30 Elite Skirmisher
24:49 Eagle Warrior
Luid2026
9:13 Loom
11:17 Feudal Age
12:05 Arson
12:09 Double-Bit Axe
14:35 Gold Mining
14:35 Horse Collar
18:51 Man-at-Arms
20:32 Padded Archer Armor
20:23 Fletching
20:33 Scale Mail Armor
20:44 Forging
25:16 Wheelbarrow
27:52 Castle Age
29:19 Hand Cart
29:42 Squires
29:03 Long Swordsman
29:10 Elite Skirmisher
Connection lost

Rejoining the realm…

Still unreachable

The connection could not be restored.

Session expired

The server has moved on; the page needs a fresh start.